Map: Submarine LE

Players

SKillous

  • Race: Protoss Protoss
  • League: Grandmaster
  • Spawn Location: 11:00

Serral - Winner!

  • Race: Zerg Zerg
  • League: Master
  • Spawn Location: 5:00

Event: DreamHack SC2 Masters 2020 Summer Europe

VOD

Have the link to the VOD?

Description

Time

  • Played on: July 1, 2020, 1:47 p.m.
  • Length: 8:59

All games in this series

Show
View Real Time Build Order
Export as new Build Order

SKillous Protoss 

Build Orders: Zealot Archon, Archon Drop 

Get SALT Encoding   

  12  0:00  Probe  
  13  0:12  Probe  
  14  0:19  Pylon  
  14  0:24  Probe  
  15  0:33  Probe  
  15  0:39  Gateway  
  15  0:41  Probe  
  16  0:47  Assimilator  
  17  0:51  Probe  
  18  1:03  Probe  
  19  1:15  Probe  
  20  1:19  Zealot  
  20  1:25  Gateway  
  20  1:26  Cybernetics Core  
  20  1:27  Probe  
  23  1:34  Pylon  
  23  1:49  Zealot  
  23  1:52  Probe  
  26  2:04  Probe  
  26  2:09  Adept  
  25  2:22  Probe  
  25  2:34  Probe  
  26  2:39  Warp Gate  
  26  2:47  Probe  
  25  2:53  Nexus  
  25  2:57  Adept  
  27  3:01  Adept  
  27  3:05  Probe  
  30  3:11  Pylon  
  30  3:16  Assimilator  
  31  3:25  Twilight Council  
  30  3:30  Probe  
  31  3:37  Stalker  
  33  3:42  Probe  
  34  3:48  Robotics Facility  
  34  3:54  Probe  
  35  4:02  Probe  
  35  4:03  Probe  
  35  4:05  Gateway  
  37  4:10  Probe  
  37  4:11  Probe  
  39  4:20  Probe  
  39  4:21  Probe  
  41  4:24  Gateway  
  41  4:33  Dark Shrine, Probe  
  41  4:34  Warp Prism, Probe  
  41  4:46  Probe  
  41  4:49  Probe  
  43  4:53  Sentry  
  43  4:57  Assimilator  
  43  4:58  Probe  
  46  5:01  Probe  
  46  5:02  Assimilator  
  47  5:07  Pylon  
  47  5:09  Adept, Probe  
  47  5:10  Probe  
  51  5:17  Probe  
  51  5:22  Probe  
  51  5:27  Probe  
  53  5:28  Pylon  
  53  5:35  Probe  
  55  5:39  Probe  
  55  5:41  Pylon  
  56  5:47  Probe  
  57  5:50  Dark Templar  
  57  5:51  Dark Templar x2, Probe  
  57  5:54  Dark Templar  
  57  5:55  Archon  
  57  5:56  Pylon  
  66  5:57  Archon  
  66  6:00  Observer  
  66  6:03  Nexus  
  66  6:06  Probe  
  66  6:08  Probe  
  69  6:18  Probe  
  66  6:23  Adept x3  
  66  6:25  Adept  
  66  6:26  Adept x3  
  66  6:29  Probe  
  74  6:34  Probe  
  74  6:37  Pylon  
  76  6:47  Immortal  
  76  6:51  Pylon  
  76  6:52  Gateway  
  76  6:53  Gateway  
  75  6:55  Observer  
  75  6:56  Pylon  
  75  6:57  Sentry x2  
  75  6:58  Sentry  
  75  7:01  Pylon  
  85  7:04  Probe  
  86  7:09  Probe, Pylon  
  86  7:15  Stalker  
  89  7:16  Probe  
  89  7:17  Probe  
  89  7:21  Adept, Probe  
  94  7:27  Stalker x2  
  96  7:30  Immortal  
  96  7:38  Probe x2  
  96  7:39  Shield Battery, Probe  
  103  7:44  Stalker  
  103  7:50  Pylon  
  106  7:53  Stalker  
  106  7:54  Stalker, Shield Battery  
  106  7:57  Probe  
  106  7:58  Stalker  
  112  8:04  Shield Battery  
  112  8:05  Stalker x2  
  116  8:09  Sentry  
  99  8:28  Stalker x2  
  99  8:29  Stalker x3  
  93  8:34  Stalker  
  95  8:47  Stalker  
  95  8:48  Stalker  
Show
View Real Time Build Order
Export as new Build Order

Serral Zerg - Winner!

Build Orders: Pool First 

Get SALT Encoding   

  12  0:16  Spawning Pool  
  11  0:22  Drone  
  11  0:25  Drone  
  13  0:30  Drone  
  14  0:40  Overlord  
  14  1:03  Zergling x4  
  16  1:05  Zergling x2  
  19  1:14  Hatchery  
  19  1:17  Zergling x2  
  17  1:26  Zergling x2  
  18  1:33  Queen  
  18  1:37  Drone  
  21  1:48  Overlord  
  21  1:51  Extractor  
  20  2:01  Drone  
  21  2:10  Drone  
  21  2:11  Queen  
  23  2:20  Drone  
  24  2:26  Drone, Queen  
  27  2:32  Drone  
  28  2:38  Drone  
  28  2:42  Drone x2  
  31  2:47  Drone  
  30  2:51  Drone  
  30  2:58  Overlord  
  31  3:01  Drone  
  31  3:03  Drone  
  33  3:09  Metabolic Boost  
  33  3:12  Drone  
  34  3:16  Drone  
  34  3:18  Drone  
  36  3:20  Drone  
  36  3:22  Drone  
  36  3:24  Drone  
  39  3:29  Overlord  
  39  3:31  Zergling x2  
  39  3:33  Drone  
  41  3:39  Queen  
  43  3:47  Zergling x2  
  44  3:54  Hatchery  
  43  4:00  Drone x2  
  43  4:02  Drone x3  
  48  4:04  Zergling x2  
  48  4:09  Drone x2  
  51  4:13  Overlord  
  51  4:18  Overlord  
  51  4:26  Roach Warren  
  51  4:31  Drone x2, Overlord  
  50  4:34  Drone x2, Extractor  
  53  4:38  Drone x3  
  53  4:45  Lair  
  55  4:46  Queen  
  55  4:51  Zergling x2  
  55  4:52  Drone, Overlord  
  59  4:56  Drone  
  59  4:57  Overlord  
  60  5:02  Spore Crawler  
  60  5:05  Roach  
  60  5:06  Roach  
  63  5:10  Roach  
  63  5:11  Roach  
  63  5:12  Spore Crawler  
  66  5:16  Roach  
  66  5:20  Roach x2  
  72  5:26  Overlord  
  72  5:29  Roach, Drone, Extractor  
  72  5:30  Roach  
  72  5:32  Drone  
  72  5:33  Drone x2  
  79  5:37  Roach x2  
  79  5:42  Zergling x4  
  85  5:52  Glial Reconstitution  
  85  5:55  Drone  
  85  5:56  Overlord  
  86  5:57  Overlord  
  86  5:59  Evolution Chamber  
  86  6:00  Overlord  
  86  6:03  Drone x4  
  88  6:06  Overseer, Overlord  
  88  6:08  Drone  
  89  6:13  Drone  
  89  6:14  Drone  
  89  6:16  Drone x2  
  91  6:20  Roach x2  
  91  6:21  Roach, Extractor  
  91  6:24  Zerg Missile Weapons Level 1  
  96  6:29  Overlord  
  96  6:30  Roach  
  98  6:34  Overlord  
  98  6:36  Extractor  
  98  6:37  Drone x2  
  98  6:38  Drone  
  99  6:41  Roach x2  
  99  6:46  Ravager  
  99  6:47  Roach x3  
  107  6:55  Overlord  
  107  6:56  Roach x3  
  113  7:01  Overlord  
  113  7:04  Roach x3  
  119  7:09  Roach  
  119  7:10  Roach x2  
  127  7:15  Roach  
  127  7:16  Roach x2  
  127  7:19  Ravager  
  127  7:20  Zergling x6  
  135  7:25  Zergling x6  
  138  7:32  Zergling x2  
  138  7:33  Zergling x8  
  138  7:34  Ravager  
  144  7:39  Overlord  
  144  7:40  Zergling x8  
  144  7:41  Ravager x2  
  150  7:46  Zergling x6  
  150  7:47  Overseer  
  153  7:51  Overlord  
  153  7:56  Zergling x2  
  153  7:57  Zergling x2  
  153  7:58  Ravager x2  
  156  7:59  Ravager  
  156  8:00  Overseer  
  156  8:02  Zergling x2  
  156  8:05  Ravager  
  160  8:07  Zergling x14  
  160  8:12  Overlord  
  152  8:22  Roach, Zergling x2  
  152  8:23  Roach x3, Zergling x4  
  159  8:31  Roach x2  
  155  8:37  Roach x6  
Tags
 
Add a new tag
Caveats
  • Supply blocks, unpowered buildings, or Contaminate may cause inaccurate times.
  • Supply counts are checked every 10 seconds.